 Dungeon Crawl Stone Soup version 0.22-a0-278-g8f80174 (webtiles) character file.

117 Vesto the Skirmisher (level 5, -1/33 HPs)
             Began as a Gargoyle Fighter on Mar 15, 2018.
             Slain by an ogre
             ... wielding a +0 giant club
              (11 damage)
             ... on level 4 of the Dungeon.
             The game lasted 00:01:23 (404 turns).

Vesto the Skirmisher (Gargoyle Fighter)              Turns: 404, Time: 00:01:24

Health: -1/33      AC: 11    Str: 19    XL:     5   Next: 1%
Magic:  6/6        EV:  7    Int: 10    God:
Gold:   30         SH:  9    Dex:  9    Spells: 6/6 levels left

rFire    . . .     SeeInvis .   a - +0 war axe
rCold    . . .     Gourm    .   c - +0 shield
rNeg     + . .     Faith    .   b - +0 scale mail
rPois    ∞         Spirit   .   (no helmet)
rElec    +         Reflect  .   (no cloak)
rCorr    .         Harm     .   (no gloves)
MR       .....                  (no boots)
Stlth    ..........             (no amulet)
HPRegen  0.11/turn              (no ring)
MPRegen  0.10/turn              (no ring)

@: no status effects
A: negative energy resistance 1, electricity resistance, unbreathing,
petrification resistance, rot immunity, AC +4
a: no special abilities


You were on level 4 of the Dungeon.
You were not hungry.

You visited 1 branch of the dungeon, and saw 4 of its levels.

You collected 30 gold pieces.

Inventory:

Hand Weapons
 a - a +0 war axe (weapon)
Armour
 b - a +0 scale mail (worn)
 c - a +0 shield (worn)
Wands
 h - a wand of enslavement (9)
Scrolls
 e - 2 scrolls of remove curse {unknown}
 i - a scroll of immolation {unknown}
 j - a scroll of teleportation {unknown}
Potions
 g - a potion of agility {unknown}
Comestibles
 f - 2 rations


   Skills:
 * Level 4.2 Fighting
 * Level 2.8 Axes
 + Level 3.7 Armour
 + Level 0.9 Dodging
 + Level 3.7 Shields
 + Level 1.1 Spellcasting


You had 6 spell levels left.
You didn't know any spells.

Dungeon Overview and Level Annotations

Branches:
Dungeon (4/15)
 Temple: D:4-7

Altars:

Annotations:
D:4 exclusion: door


Innate Abilities, Weirdness & Mutations

You are resistant to torment.
Your stone body is resilient. (AC +4)
You are immune to poison.
You resist negative energy. (rN+)
You are resistant to electric shocks. (rElec)
You can survive without breathing.
You are immune to petrification.
You are immune to rotting.


Message History

You hit the ogre.
The ogre is heavily wounded.
You block the ogre's attack.
You hit the ogre.
The ogre is heavily wounded.
The ogre hits you with a giant club.
You barely miss the ogre.
The ogre is heavily wounded.
The ogre hits you with a giant club!
* * * LOW HITPOINT WARNING * * *
You hit the ogre.
The ogre is severely wounded.
You block the ogre's attack.
Your shield prevents you from hitting the ogre.
The ogre is severely wounded.
You block the ogre's attack.
You hit the ogre.
The ogre is severely wounded.
The ogre hits you with a giant club!
You die...

# # #.... ########
#....... ....#..##
...... ....#... ......
....#..##+##.....
....+((#......#.. ###
....#.(((.....#.##..##
>...#.(#......#.@Oo..#
########(.....+..##..#
# #(.....#.## # #
#......#.# #
#(.......# ###
#........## ..##
#......+..####. #..#
#......#....... ##.##
##......#.......


You could see an ogre and an orc.

Vanquished Creatures
  An ogre (D:4)
  An adder (D:2)
  An ooze (D:3)
  A worm (D:4)
  A dart slug (D:2)
  A leopard gecko (D:3)
  A bat (D:3)
  2 goblins
  3 kobolds (D:4)
  A rat (D:2)
13 creatures vanquished.

Notes
Turn   | Place    | Note
-------+----------+-------------------------------------------
     0 | D:1      | Vesto the Gargoyle Fighter began the quest for the Orb.
     0 | D:1      | Reached XP level 1. HP: 14/14 MP: 1/1
    46 | D:2      | Reached XP level 2. HP: 15/19 MP: 2/2
   172 | D:4      | Noticed an ogre
   183 | D:4      | Killed an ogre
   183 | D:4      | Reached skill level 4 in Fighting
   183 | D:4      | Reached skill level 1 in Spellcasting
   183 | D:4      | Reached XP level 3. HP: 13/24 MP: 2/4
   183 | D:4      | Reached XP level 4. HP: 16/29 MP: 2/5
   244 | D:4      | Reached XP level 5. HP: 19/33 MP: 6/6
   391 | D:4      | Noticed an ogre
   404 | D:4      | Slain by an ogre

Vault maps used:
D:1:      dpeg_arrival_line_fractal
D:2:      fedhas_altar_3, uniq_jessica
D:3:      cheibrodos_thug_alley
D:4:      minmay_goblin_kobold_castle, temple_green, first_ration, serial_shops,
          shop, minmay_close_crescents, uniq_robin, uniq_duvessa

Skill      XL: |  1  2 |
---------------+-------+-----
Axes           | 2 |  2.8
Fighting       | 4 |  4.2
Spellcasting   | 1 |  1.1
Armour         | |  3.7
Dodging        | |  0.9
Shields        | |  3.7

Action                   |  1- 3 |  4- 6 || total
-------------------------+-------+-------++-------
Melee: War axe           |    32 |    25 ||    57
  Use: Potion            |     1 |       ||     1
Armor: Scale mail        |    14 |    13 ||    27
Dodge: Dodged            |    14 |     7 ||    21
Block: Shield            |    11 |    19 ||    30

Table legend:
 A = Spawn XP
 B = Non-spawn XP
 C = Spawn XP percentage of total XP
 D = Spawn monster count
 E = Non-spawn monster count
 F = Spawn count percentage of total count
 G = Total turns spent on level
                    A         B        C        D         E        F      G
               +---------+---------+-------+---------+---------+-------+---------
         Total |       0 |     168 |   0.0 |       0 |      13 |   0.0 |   404
               +---------+---------+-------+---------+---------+-------+---------
           D:2 |       0 |      19 |   0.0 |       0 |       4 |   0.0 |    44
           D:3 |       0 |      14 |   0.0 |       0 |       4 |   0.0 |    70
           D:4 |       0 |     135 |   0.0 |       0 |       5 |   0.0 |   283
               +---------+---------+-------+---------+---------+-------+---------
